 Dungeon Crawl Stone Soup version 0.22-a0-998-g47aa21b (webtiles) character file.

15 omini the Chopper (level 2, -1/22 HPs)
             Began as a Demonspawn Gladiator on Aug 6, 2020.
             Slain by a dart slug (2 damage)
             ... on level 2 of the Dungeon.
             The game lasted 00:01:57 (371 turns).

omini the Chopper (Demonspawn Gladiator)             Turns: 371, Time: 00:01:58

Health: -1/22      AC:  4    Str: 14    XL:     2   Next: 34%
Magic:  2/2        EV: 13    Int:  9    God:
Gold:   39         SH:  0    Dex: 14    Spells: 1/1 levels left

rFire    . . .     SeeInvis .   a - +0 war axe
rCold    . . .     Gourm    .   (no shield)
rNeg     . . .     Faith    .   b - +0 leather armour
rPois    .         Spirit   .   g - +0 helmet
rElec    .         Reflect  .   (no cloak)
rCorr    .         Harm     .   (no gloves)
MR       .....                  (no boots)
Stlth    +.........             (no amulet)
HPRegen  0.07/turn              (no ring)
MPRegen  0.08/turn              (no ring)

@: no status effects
A: powered by pain 1
a: no special abilities


You were on level 2 of the Dungeon.
You were not hungry.
You have taken the pledge of the Explorer.
You visited 1 branch of the dungeon, and saw 2 of its levels.

You collected 39 gold pieces.

Inventory:

Hand Weapons
 a - a +0 war axe (weapon)
Missiles
 d - 3 throwing nets (quivered)
Armour
 b - a +0 leather armour (worn)
 c - a +0 helmet
 g - a +0 helmet (worn)
Scrolls
 h - a scroll of teleportation {unknown}
Potions
 e - a potion of berserk rage {unknown}
Comestibles
 f - a ration


   Skills:
 + Level 2.1 Fighting
 + Level 3.0 Axes
 + Level 1.8 Throwing
 + Level 3.0 Dodging


You had one spell level left.
You didn't know any spells.
Your spell library was empty.

Dungeon Overview and Level Annotations

Branches:
Dungeon (2/15)

Altars:


Innate Abilities, Weirdness & Mutations

You sometimes gain a little power by taking damage.


Message History

The kobold hits you.
* * * LOW HITPOINT WARNING * * *
The dart slug barely misses you. The goblin closely misses you.
The goblin hits you but does no damage. The kobold barely misses you.
You closely miss the goblin. The goblin barely misses you.
The goblin hits you with a club.
* * * LOW HITPOINT WARNING * * *
You hit the goblin.
The goblin is heavily wounded.
The goblin hits you with a club.
* * * LOW HITPOINT WARNING * * *
You slash the goblin!
You kill the goblin!
You closely miss the kobold. The kobold completely misses you.
The kobold closely misses you.
You slash the kobold!
You kill the kobold!
You hit the dart slug but do no damage. The dart slug bites you.
You die...

##########
#........#
#........#
##.?......#
##...!.....#
#..........#
#.#######..........#
#....@w...........%#
#########...........
#...........
#...........
#######........
#.....<..######
.$#####.## #.# #.#


You could see a dart slug.

Vanquished Creatures
  A leopard gecko (D:2)
  A bat (D:1)
  2 frilled lizards (D:1)
  4 goblins
  3 kobolds
  5 rats (D:1)
16 creatures vanquished.

Notes
Turn   | Place    | Note
-------+----------+-------------------------------------------
     0 | D:1      | omini the Demonspawn Gladiator began the quest for the Orb.
     0 | D:1      | Reached XP level 1. HP: 16/16 MP: 1/1
   176 | D:1      | Gained mutation: You sometimes gain a little power by taking damage. [demonic ancestry]
   176 | D:1      | Reached XP level 2. HP: 5/22 MP: 1/2
   367 | D:2      | HP: 1/22 [goblin/club (2)]
   371 | D:2      | Slain by a dart slug

Vault maps used:
D:1:      ncdulo_smallfort
D:2:      overflow_temple_1_default, nicolae_dithmenos_through_a_glass_darkly

Skill      XL: |  1  2 |
---------------+-------+-----
Axes           | 3 |  3.0
Dodging        | 3 |  3.0
Fighting       | |  2.1
Throwing       | |  1.8

Action                   || total
-------------------------++-------
Melee: War axe           ||    40
Armor: Leather armour    ||    20
Dodge: Dodged            ||    49

Table legend:
 A = Spawn XP
 B = Non-spawn XP
 C = Spawn XP percentage of total XP
 D = Spawn monster count
 E = Non-spawn monster count
 F = Spawn count percentage of total count
 G = Total turns spent on level
                    A         B        C        D         E        F      G
               +---------+---------+-------+---------+---------+-------+---------
         Total |       0 |      22 |   0.0 |       0 |      16 |   0.0 |   371
               +---------+---------+-------+---------+---------+-------+---------
           D:1 |       0 |      15 |   0.0 |       0 |      13 |   0.0 |   282
           D:2 |       0 |       7 |   0.0 |       0 |       3 |   0.0 |    89
               +---------+---------+-------+---------+---------+-------+---------
